 Dungeon Crawl Stone Soup version 0.26.1-10-gdfb7c7de75 (webtiles) character file.

Game seed: 8979732883862366016

1985 tardwrangler69 the Covert (level 9, -5/43 HPs)
             Began as a Vine Stalker Fighter on Apr 7, 2021.
             Was a High Priest of Uskayaw.
             Slain by an orc warrior
             ... wielding a +0 halberd
              (11 damage)
             ... on level 6 of the Dungeon.
             The game lasted 00:04:59 (5165 turns).

tardwrangler69 the Covert (Vine Stalker Fighter)    Turns: 5165, Time: 00:05:00

Health: -5/43      AC: 10    Str: 21    XL:     9   Next: 21%
Magic:  0/10       EV:  7    Int:  8    God:    Uskayaw [*****.]
Gold:   272        SH:  9    Dex: 15    Spells: 8/8 levels left

rFire    . . .     SeeInvis .   a - +0 rapier
rCold    . . .     Faith    .   c - +0 kite shield
rNeg     . . .     Spirit   +   b - +0 scale mail
rPois    +         Reflect  .   (no helmet)
rElec    .         Harm     .   (no cloak)
rCorr    .         Rampage  .   (no gloves)
Will     +....                  (no boots)
Stlth    +++.......             t - amulet of regeneration
HPRegen  0.94/turn              r - +4 ring of protection
MPRegen  0.12/turn              i - ring of poison resistance

@: no status effects
A: fangs 3, regeneration 1, magic shield, antimagic bite, no potion heal 3
a: Renounce Religion, Stomp, Line Pass, Grand Finale


You were on level 6 of the Dungeon.
You worshipped Uskayaw.
Uskayaw was noncommittal.
You visited 2 branches of the dungeon, and saw 7 of its levels.
You also visited: Sewer.

You collected 272 gold pieces.

Inventory:

Hand Weapons
 a - a +0 rapier (weapon)
 v - a +0 short sword of speed
Armour
 b - a +0 scale mail (worn)
 c - a +0 kite shield (worn)
Jewellery
 i - a ring of poison resistance (right hand)
 l - an uncursed ring of protection from fire
 r - a +4 ring of protection (left hand)
 t - an amulet of regeneration (around neck)
Wands
 y - a wand of iceblast (5)
Scrolls
 e - 3 scrolls of enchant armour {unknown}
 f - 4 scrolls of immolation {unknown}
 h - 4 scrolls of teleportation {unknown}
 j - 4 scrolls of identify {unknown}
 k - a scroll of magic mapping {unknown}
 m - a scroll of random uselessness {unknown}
 o - 5 scrolls of enchant weapon {unknown}
 s - 3 scrolls of fog {unknown}
 x - a scroll of noise {unknown}
 A - 2 scrolls of fear {unknown}
 C - a scroll of remove curse {unknown}
 F - a scroll of amnesia {unknown}
Potions
 d - 3 potions of might
 g - 3 potions of curing {unknown}
 n - 2 potions of cancellation {unknown}
 p - 5 potions of heal wounds {unknown}
 q - 2 potions of brilliance {unknown}
 u - a potion of mutation {unknown}
 w - 3 potions of flight {unknown}
 z - a potion of invisibility {unknown}
 B - a potion of degeneration {unknown}
 D - a potion of attraction {unknown}
 E - a potion of resistance {unknown}


   Skills:
 - Level 2.6 Fighting
 + Level 7.8 Short Blades
 - Level 2.4 Armour
 + Level 10.6 Stealth
 - Level 2.6 Shields


You had 8 spell levels left.
You didn't know any spells.
Your spell library contained the following spells:

 Spells                   Type           Power        Failure   Level
 Beastly Appendage        Tmut           0%           99%         1
 Wereblood                Tmut           0%           100%        2
 Spider Form              Tmut/Pois      0%           100%        3
 Ice Form                 Ice/Tmut       0%           100%        4
 Blade Hands              Tmut           0%           100%        5


Dungeon Overview and Level Annotations

Branches:
Dungeon (6/15)             Temple (1/1) D:5           Sewer (visited)

Altars:
Ashenzari
Cheibriados
Dithmenos
Elyvilon
Fedhas
Gozag
Kikubaaqudgha
Makhleb
Nemelex Xobeh
Okawaru
Qazlal
Ru
Sif Muna
Uskayaw
Vehumet
Xom
Yredelemnul
Zin
The Shining One


Innate Abilities, Weirdness & Mutations

You have razor-sharp teeth.
Your natural rate of healing is unusually fast.
When hurt, damage is shared between your health and your magic reserves.
Your bite disrupts and absorbs the magic of your enemies.
Potions cannot restore your health.


Message History

You are too injured to fight recklessly!
You are too injured to fight recklessly!
You are too injured to fight recklessly!
You are too injured to fight recklessly!
You are too injured to fight recklessly!
You are too injured to fight recklessly!
You are too injured to fight recklessly!
You are too injured to fight recklessly!
You are too injured to fight recklessly!
You hit the orc warrior.
You bite the orc warrior, but do no damage.
The orc warrior is heavily wounded.
You closely miss the orc warrior. Your bite misses the orc warrior.
The orc warrior is heavily wounded.
The orc warrior hits you with a +0 halberd!!
* * * LOW HITPOINT WARNING * * *
You closely miss the orc warrior. Your bite misses the orc warrior.
The orc warrior is heavily wounded.
The orc warrior hits you with a +0 halberd!
You die...

...............
................
................
...............
...............
............#
......o....#
.......@))#
.......).##
..#.(.....##
##?......##
###......##
##......##
##......##
##......####
##.........


You could see an orc warrior.

Vanquished Creatures
  Grinder (Sewer)
  3 ice beasts
  A phantom (D:6)
  A necrophage (Sewer)
  2 centaurs
  2 ogres
  2 big kobolds (Sewer)
  2 bullfrogs
  2 scorpions
  A howler monkey (D:5)
  A jelly (D:5)
  3 orc priests
  An iguana (D:4)
  3 orc wizards
  A worker ant (D:5)
  5 big kobold zombies (Sewer)
  A hound zombie (D:6)
  8 adders
  2 shadow imps (Sewer)
  A white imp (D:6)
  3 ufetubi
  An adder zombie (D:5)
  3 worms
  3 leopard geckos
  15 orcs
  4 ball pythons
  8 giant cockroaches
  4 goblins
  9 hobgoblins
  6 jackals
  22 kobolds
  A quokka (D:3)
  11 bats
  7 frilled lizards
  2 giant cockroach zombies (Sewer)
  A kobold zombie (Sewer)
  A leopard gecko skeleton (D:4)
  A leopard gecko zombie (D:5)
  A quokka zombie (D:6)
  2 rats
148 creatures vanquished.

Notes
Turn   | Place    | Note
-------+----------+-------------------------------------------
     0 | D:1      | tardwrangler69 the Vine Stalker Fighter began the quest for
                  | the Orb.
     0 | D:1      | Reached XP level 1. HP: 11/11 MP: 2/2
   334 | D:1      | Reached skill level 1 in Stealth
   493 | D:1      | Reached XP level 2. HP: 16/16 MP: 3/3
   683 | D:1      | Reached skill level 2 in Stealth
  1220 | D:2      | Reached XP level 3. HP: 14/19 MP: 4/4
  1471 | D:2      | Reached skill level 3 in Stealth
  1622 | D:2      | Gained mutation: Your natural rate of healing is unusually
                  | fast. [Vine Stalker growth]
  1622 | D:2      | Reached XP level 4. HP: 22/23 MP: 3/5
  2325 | D:3      | Reached skill level 4 in Stealth
  2330 | D:3      | Reached XP level 5. HP: 27/27 MP: 6/6
  2668 | D:3      | Found a glowing drain.
  2679 | Sewer    | Entered a sewer
  2830 | Sewer    | Reached skill level 5 in Stealth
  2835 | Sewer    | Found an ancient bone altar of Kikubaaqudgha.
  2835 | Sewer    | Noticed a big kobold
  2862 | Sewer    | Killed a big kobold
  2863 | Sewer    | Reached XP level 6. HP: 20/32 MP: 5/7
  2896 | Sewer    | Noticed a necrophage
  2916 | Sewer    | Killed a necrophage
  2917 | Sewer    | Reached skill level 6 in Stealth
  2972 | Sewer    | Reached XP level 7. HP: 32/35 MP: 6/8
  3001 | Sewer    | Noticed Grinder
  3021 | Sewer    | Reached skill level 5 in Short Blades
  3026 | Sewer    | Killed Grinder
  3027 | Sewer    | Reached skill level 7 in Stealth
  3638 | D:4      | Gained mutation: You have razor-sharp teeth. [Vine Stalker
                  | growth]
  3638 | D:4      | Reached XP level 8. HP: 39/39 MP: 9/9
  3737 | D:4      | Reached skill level 8 in Stealth
  4111 | D:5      | Entered Level 5 of the Dungeon
  4155 | D:5      | Found a sparkling altar of Nemelex Xobeh.
  4207 | D:5      | Reached skill level 9 in Stealth
  4686 | D:5      | Found a staircase to the Ecumenical Temple.
  4760 | Temple   | Entered the Ecumenical Temple
  4980 | Temple   | Became a worshipper of Uskayaw the Reveller
  5027 | D:6      | Reached * piety under Uskayaw
  5031 | D:6      | Reached ** piety under Uskayaw
  5039 | D:6      | Reached *** piety under Uskayaw
  5046 | D:6      | Reached **** piety under Uskayaw
  5060 | D:6      | Reached ***** piety under Uskayaw
  5063 | D:6      | Reached skill level 10 in Stealth
  5063 | D:6      | Reached XP level 9. HP: 43/43 MP: 10/10
  5165 | D:6      | Slain by an orc warrior

Illustrated notes

Levels and vault maps discovered:
D:1:      giann_forest_graveyard, layout_basic, minmay_misc_feat_rugged
D:2:      minmay_wonky_spiral, layout_loops_ring
D:3:      minmay_evil_eye, layout_loops_ring, portal_sewer_entry_d
D:4:      layout_loops_ring
D:5:      layout_cave_pools, nicolae_overflow_crystal_walls, temple_hall_moat,
          dk_noncrumbling_2
D:6:      layout_cave_pods, pdpol_wu_jian_five_deadly_venoms,
          kennysheep_generic_room_13
Temple:   eino_narrow_crystal_temple

Skill      XL: |  1  2  3  4  5  6  7  8 |
---------------+-------------------------+-----
Short Blades   | 2 3 4 5 7 |  7.8
Stealth        | 1 2 3 4 5 6 7 10 | 10.6
Fighting       | |  2.6
Armour         | |  2.4
Shields        | |  2.6

Action                   |  1- 3 |  4- 6 |  7- 9 || total
-------------------------+-------+-------+-------++-------
Melee: Rapier            |   106 |   196 |   219 ||   521
       Bite              |    20 |    66 |    81 ||   167
 Stab: Sleeping          |       |     2 |     6 ||     8
       Paralysed         |       |       |     4 ||     4
Armor: Scale mail        |    35 |   108 |    83 ||   226
Dodge: Dodged            |    20 |    65 |    53 ||   138
Block: Kite shield       |    54 |   125 |    81 ||   260
